 Dungeon Crawl Stone Soup version 0.19.5 (webtiles) character file.

10 tidbits the Sneak (level 2, -2/28 HPs)
             Began as a High Elf Wanderer on Oct 29, 2017.
             Slain by an ogre
             ... wielding a cursed -3 giant club
              (12 damage)
             ... on level 3 of the Dungeon.
             The game lasted 00:02:54 (394 turns).

tidbits the Sneak (High Elf Wanderer)                Turns: 394, Time: 00:02:55

Health: -2/28      AC: 21    Str: 11    XL:     2   Next: 10%
Magic:  3/3        EV:  2    Int: 15    God:
Gold:   49         SH:  0    Dex: 14    Spells: 0 memorised, 1 level left

rFire  . . .     SeeInvis .     a - +0 falchion
rCold  . . .     Gourm    .     (armour currently unavailable)
rNeg   + + +     Faith    .     (no shield)
rPois  +         Spirit   .     (helmet currently unavailable)
rElec  .         Reflect  .     (cloak currently unavailable)
rCorr  .         Harm     .     (gloves currently unavailable)
MR     .....     NoTele   +     (boots currently unavailable)
Stlth  ++........               (no amulet)
                                (no ring)
                                V - +2 ring of evasion

@: tree-form
A: no striking features
a: no special abilities


You were on level 3 of the Dungeon.
You were not hungry.
You were a tree.
You visited 1 branch of the dungeon, and saw 4 of its levels.

You collected 49 gold pieces.

Inventory:

Hand Weapons
 a - a +0 falchion (weapon)
 b - a +2 dagger
 l - a +0 rapier
   (You found it on level 3 of the Dungeon)
 n - a +0 quarterstaff
   (You found it on level 3 of the Dungeon)
Missiles
 e - 71 stones (quivered)
 o - 24 sling bullets
Armour
 B - a +0 robe (melded)
 C - a +0 cloak (melded)
   (You found it on level 1 of the Dungeon)
Jewellery
 V - a +2 ring of evasion (left branch)
   (You found it on level 3 of the Dungeon)
Scrolls
 g - a scroll of identify {unknown}
 h - a scroll of fog {unknown}
 i - a scroll of teleportation {unknown}
 j - a scroll of magic mapping {unknown}
Potions
 d - a potion of berserk rage
 k - a potion of heal wounds {unknown}
 m - a potion of degeneration {unknown}
Comestibles
 f - a bread ration


   Skills:
 + Level 2.0 Fighting
 * Level 3.1 Long Blades
   Level 1.0 Maces & Flails
 - Level 1.7 Armour
 + Level 0.9 Dodging
 - Level 3.2 Stealth


You had one spell level left.
You didn't know any spells.

Dungeon Overview and Level Annotations

Branches:
Dungeon (4/15)
 Temple: D:4-7

Altars:


Message History

You swing at nothing.
You swing at nothing.
You swing at nothing.
You swing at nothing.
You swing at nothing.
You swing at nothing.
You swing at nothing.
You swing at nothing.
You swing at nothing.
You swing at nothing.
You swing at nothing.
You swing at nothing.
You swing at nothing.
You swing at nothing.
You swing at nothing.
You swing at nothing.
You swing at nothing.
Wield which item (- for none, * to show all)? (? for menu, Esc to quit)
a - a +0 falchion (weapon)
Things that are here:
a whip; 2 stones
There is a stone staircase leading down here.
Found 9 gold pieces.
You see here 9 gold pieces.
You now have 43 gold pieces (gained 9).
A bat comes into view.
The bat closely misses you.
You hit the bat.
You kill the bat!
You have reached level 2!
You aren't carrying or standing over any spellbooks.
Unknown command.
You see here a bat corpse.
Found an escape hatch in the floor.
Found a rapier.
Found 6 gold pieces.
You see here a rapier.
l - a rapier You see here 6 gold pieces.
You now have 49 gold pieces (gained 6).
A frilled lizard comes into view.
You closely miss the frilled lizard. The frilled lizard barely misses you.
The frilled lizard bites you.
* * * LOW HITPOINT WARNING * * *
You closely miss the frilled lizard.
The frilled lizard bites you but does no damage.
You barely miss the frilled lizard. The frilled lizard barely misses you.
You closely miss the frilled lizard. The frilled lizard misses you.
You closely miss the frilled lizard. The frilled lizard barely misses you.
You riposte.
You barely miss the frilled lizard. You hit the frilled lizard.
You kill the frilled lizard!
A hobgoblin comes into view. It is wielding a club.
The hobgoblin shouts!
The hobgoblin moves out of view.
You hit the hobgoblin but do no damage. The hobgoblin closely misses you.
You closely miss the hobgoblin.
The hobgoblin hits you but does no damage.
You hit the hobgoblin.
The hobgoblin is almost dead.
The hobgoblin hits you with a club.
* * * LOW HITPOINT WARNING * * *
You hit the hobgoblin.
You kill the hobgoblin!
Things that are here:
a club; a hobgoblin corpse
Found an amethyst potion.
You see here an amethyst potion.
m - an amethyst potion
Found a quarterstaff.
You see here a quarterstaff.
n - a quarterstaff
Found 24 sling bullets.
You see here 24 sling bullets.
o - 24 sling bullets
Found a gold piece.
The ogre shouts!
A centaur zombie comes into view.
You aren't carrying any items that you can evoke.
Unknown command.
b - a +2 dagger (weapon)
The helpless centaur zombie fails to defend itself.
You puncture the centaur zombie!
The centaur zombie is heavily damaged.
The centaur zombie hits you.
* * * LOW HITPOINT WARNING * * *
You turn into a tree.
Your +0 cloak melds into your body.
Your +0 robe melds into your body.
Your roots penetrate the ground.
The centaur zombie hits you but does no damage.
Wield which item (- for none, * to show all)? (? for menu, Esc to quit)
a - a +0 falchion (weapon)
The centaur zombie hits you but does no damage.
You barely miss the centaur zombie.
The centaur zombie is heavily damaged.
The centaur zombie hits you but does no damage.
You hit the centaur zombie.
The centaur zombie is heavily damaged.
The centaur zombie hits you but does no damage.
The ogre hits you with a giant club!
You die...

#<# #.#
#O# #.#
#.. #.#
.... #.#
#####
#.# #.#
#.#
#O######
#.♣Z...#
######.#


You could see an ogre and a centaur zombie.

Vanquished Creatures
  A giant cockroach (D:2)
  A hobgoblin (D:3)
  4 bats
  2 frilled lizards
  A kobold (D:3)
  2 rats (D:1)
11 creatures vanquished.

Notes
Turn   | Place    | Note
-------+----------+-------------------------------------------
     0 | D:1      | tidbits the High Elf Wanderer began the quest for the Orb.
     0 | D:1      | tidbits set off with: a +2 dagger, a potion of berserk rage, a potion of lignification, a +0 falchion, a +0 robe, a bread ration
     0 | D:1      | Reached XP level 1. HP: 14/14 MP: 2/2
   157 | D:3      | Noticed an ogre
   224 | D:3      | Reached skill level 3 in Long Blades
   308 | D:3      | Reached XP level 2. HP: 9/19 MP: 3/3
   394 | D:3      | Slain by an ogre

Skill      XL: |  1 |
---------------+----+-----
Long Blades    | 3 |  3.1
Fighting       | |  2.0
Maces & Flails | |  1.0
Armour         | |  1.7
Dodging        | |  0.9
Stealth        | |  3.2

Action                   || total
-------------------------++-------
Melee: Falchion          ||    52
       Dagger            ||     1
  Use: Potion            ||     1
 Stab: Sleeping          ||     2
Armor: Robe              ||    14
       Skin              ||     4
Dodge: Dodged            ||    34
       Rpst.: Falchion   ||     9

Table legend:
 A = Turns spent in this place as a percentage of turns spent in the entire game.
 B = Non-inter-level travel turns spent in this place as a percentage of non-inter-level travel turns spent in the entire game.
 C = Inter-level travel turns spent in this place as a percentage of turns spent in this place.
 D = Turns resting spent in this place as a percentage of non-inter-level travel turns spent in this place.
 E = Turns spent auto-exploring this place as a percentage of non-inter-level travel turns spent in this place.
 F = Non-inter-level travel turns spent in this place divided by the number of levels of this place that you've seen.
                   A       B       C       D       E      F
               +-------+-------+-------+-------+-------+----------------------
         Total | 100.0 | 100.0 |   0.0 |   0.0 |   0.0 |  91.8
       Dungeon | 100.0 | 100.0 |   0.0 |   0.0 |   0.0 |  91.8
               +-------+-------+-------+-------+-------+----------------------

Table legend:
 A = Kills in this place as a percentage of kills in entire the game.
 B = Kills by you in this place as a percentage of kills by you in the entire game.
 C = Kills by friends in this place as a percentage of kills by friends in the entire game.
 D = Other kills in this place as a percentage of other kills in the entire game.
 E = Experience gained in this place as a percentage of experience gained in the entire game.
 F = Experience gained in this place divided by the number of levels of this place that you have seen.
                   A       B       C       D       E      F
               +-------+-------+-------+-------+-------+----------------------
         Total | 100.0 | 100.0 |  -nan |  -nan | 100.0 |   3.8
       Dungeon | 100.0 | 100.0 |  -nan |  -nan | 100.0 |   3.8
               +-------+-------+-------+-------+-------+----------------------

Vault maps used:
D:1:      dpeg_arrival_ternary
D:2:      first_bread
D:3:      grunt_gozag_breadcrumbs
D:4:      okawaru_ov_weapons_minmay
